 Dungeon Crawl Stone Soup version 0.29-a0-197-ge3fb4bd5a4 (webtiles) character file.

Game seed: 14165131808331825475

207 esteth the Ducker (level 5, -1/36 HPs)
             Began as an Octopode Fighter on Feb 22, 2022.
             Slain by an orc
             ... wielding a +0 whip
              (6 damage)
             ... on level 4 of the Dungeon.
             The game lasted 00:05:09 (3256 turns).

esteth the Ducker (Octopode Fighter)                Turns: 3256, Time: 00:05:10

Health: -1/36      AC:  1    Str: 15    XL:     5   Next: 85%
Magic:  5/5        EV: 14    Int: 11    God:
Gold:   141        SH:  0    Dex: 13    Spells: 4/4 levels left

rFire   . . .      SeeInvis +     - Unarmed
rCold   . . .      Faith    .   a - +0 buckler
rNeg    . . .      Spirit   .   (helmet restricted)
rPois   .          Reflect  .   (no amulet)
rElec   .          Harm     .   v - ring of see invisible
rCorr   .          Rampage  .   (no ring)
Will    .....                   (no ring)
Stlth   ++........              (no ring)
HPRegen 0.12/turn               (no ring)
MPRegen 0.09/turn               (no ring)
                                (no ring)
                                (no ring)

@: confused
A: almost no armour, amphibious, 8 rings, camouflage 1, gelatinous body 1,
(nimble swimmer 1), tentacles
a: no special abilities


You were on level 4 of the Dungeon.
You visited 1 branch of the dungeon, and saw 4 of its levels.

You collected 141 gold pieces.


Innate Abilities, Weirdness & Mutations

You cannot wear most types of armour.
You are amphibious.
You can wear up to eight rings at the same time.
Your skin changes colour to match your surroundings (Stealth+).
Your rubbery body absorbs attacks. (AC +1, EV +1)
((You are camouflaged when in or above water. (Stealth+)))
You have tentacles for arms and can constrict up to eight enemies at once.


   Skills:
 - Level 3.0 Fighting
 + Level 4.9 Dodging
 - Level 3.0 Shields
 + Level 4.3 Unarmed Combat


You had 4 spell levels left.
You didn't know any spells.
Your spell library was empty.

Inventory:

Missiles
 c - 151 stones (quivered)
Armour
 a - a +0 buckler (worn)
Magical Staves
 q - a staff of earth {!a}
   (You found it on level 3 of the Dungeon)
Jewellery
 v - a ring of see invisible (left tentacle)
   (You found it on level 1 of the Dungeon)
 F - a ring of fire
   (You found it on level 3 of the Dungeon)
Scrolls
 d - a scroll of magic mapping {unknown}
 e - 4 scrolls of identify {unknown}
 f - a scroll of blinking {unknown}
 h - a scroll of amnesia {unknown}
 i - a scroll of enchant armour {unknown}
 l - a scroll of teleportation {unknown}
 n - 3 scrolls of immolation {unknown}
 o - a scroll of enchant weapon {unknown}
Potions
 b - 2 potions of might
 g - a potion of magic {unknown}
 j - a potion of invisibility
 k - 2 potions of heal wounds {unknown}
 m - a potion of brilliance {unknown}
 p - 2 potions of flight {unknown}

Dungeon Overview and Level Annotations

Branches:
Dungeon (4/15)
 Temple: D:4-7

Altars:
Qazlal

Shops:
D:3 (

Annotations:
D:3 Sigmund

##...........#..# .#
....###'###+###'###.#
....#..#.......#..#.#
..#'#..#.......#..#.#
..+.'..'###+###'..'.#
..#.#..#.+...'.#..#.#
..#.#..#.#...#.#..#.#
..#.'##+.#._.#.'##+.#
..).#.[#.#...#.#@o#.#
....#..#.+...+.#o)#.#
....+..'###'###+..+.#
....#..#.......#..###
[...#..#..)....#..#
###.###'###+###+###
#............
#############


You could see an orc wizard and an orc.


Message History

Your mp is fully restored (5).
You feel sick.
You feel sick.
You are no longer poisoned.
You now have 141 gold pieces (gained 11).
As you open the door, it creaks loudly! 😎 HP[+14]
Your hp is fully restored (36).
There is an open door here.
There is an open door here.
You open the door.
There is an open door here.
As you open the door, it creaks loudly!
There is an open door here.
There is an open door here.
You open the door.
There is an open door here.
You open the door.
There is an open door here.
You open the door.
There is an open door here.
You open the door.
There is an open door here.
You open the door.
An ogre comes into view. It is wielding a +0 giant spiked club.
The ogre shouts!
There is an open door here.
You tentacle-slap the ogre. You barely miss the ogre.
You tentacle-slap the ogre. You squeeze the ogre! The ogre misses you.
You tentacle-slap the ogre. You squeeze the ogre! The ogre closely misses you.
You tentacle-slap the ogre.
You kill the ogre!
Your Unarmed Combat skill increases to level 4!
There is an open door here.
You open the door.
There is an open door here.
You open the door.
There is an open door here.
You open the door.
Found a stormy altar of Qazlal.
There is an open door here.
c - 151 stones (gained 24)
You open the door.
There is an open door here.
You open the door.
There is an open door here.
As you open the door, it creaks loudly!
There is an open door here.
There is an open door here.
You open the door.
There is an open door here.
You open the door.
An orc wizard and 2 orcs come into view.
There is an open door here.
The orc shouts! x2; The orc wizard shouts!
The orc wizard gestures at you while chanting.
The puff of flame hits you! 😮 HP[-12]
You take 12 damage, and now have 24/36 hp.
MASSIVE DAMAGE!! (PAUSE)
You tentacle-slap the orc wizard. You grab the orc wizard.
Your squeeze misses the orc wizard. You constrict the orc wizard.
You tentacle-slap the orc wizard but do no damage.
You constrict the orc wizard.
The orc wizard hits you with a +0 dagger.
The orc hits you with a +0 whip. 😮 HP[-4]
You take 4 damage, and now have 20/36 hp.
You tentacle-slap the orc wizard. You constrict the orc wizard.
The orc wizard escapes!
The orc misses you.
You closely miss the orc. You grab the orc. You tentacle-slap the orc.
You constrict the orc. You block the orc wizard's attack. The orc misses you.
The orc barely misses you.
You tentacle-slap the orc wizard but do no damage.
You grab the orc wizard. Your squeeze misses the orc wizard.
You constrict the orc wizard. You constrict the orc.
The orc wizard barely misses you. You block the orc's attack.
You tentacle-slap the orc wizard but do no damage.
You constrict the orc wizard. You constrict the orc.
You kill the orc!
The orc misses you. The orc wizard casts a spell at you.
You are confused.
The orc hits you with a +0 whip.
* * * LOW HITPOINT WARNING * * *
😨 HP[-2]
You take 2 damage, and now have 18/36 hp.
You bump into the rock wall.
You constrict the orc wizard. The orc wizard casts a spell at you.
You resist with some effort. The orc hits you with a +0 whip.
* * * LOW HITPOINT WARNING * * *
😨 HP[-5]
You take 5 damage, and now have 13/36 hp.
You closely miss the orc. You squeeze the orc. You constrict the orc wizard.
The orc wizard casts a spell at you. The puff of flame hits you!
* * * LOW HITPOINT WARNING * * *
The orc hits you with a +0 whip.
You die...

Skill      XL: |  1  2  3  4  5 |
---------------+----------------+-----
Unarmed Combat | 3 4 |  4.3
Dodging        | 4 |  4.9
Fighting       | |  3.0
Shields        | |  3.0

Action                   |  1- 3 |  4- 6 || total
-------------------------+-------+-------++-------
Melee: Unarmed           |   114 |    77 ||   191
       Constrict         |    29 |    20 ||    49
       Tentacles         |    13 |    15 ||    28
       Punch             |     3 |     3 ||     6
  Use: Potion            |     2 |       ||     2
 Stab: Sleeping          |     4 |     5 ||     9
       Distracted        |     1 |       ||     1
Armor: Skin              |     5 |     1 ||     6
Dodge: Dodged            |    48 |    44 ||    92
Block: Buckler           |    17 |    11 ||    28

Levels and vault maps discovered:
D:1:      dpeg_arrival_houses_and_road, layout_basic, minmay_tetromino_i2
D:2:      kennysheep_the_goblin_king, layout_basic, minmay_misc_feat_columns,
          kennysheep_generic_room_3
D:3:      layout_loops_ring, serial_shops, shop,
          shapermc_ecumenical_altar_pompeii, uniq_sigmund, uniq_robin
D:4:      layout_gridville, mainiacjoe_overflow_24_doors,
          mainiacjoe_overflow_tiny_flanked

Notes
Turn   | Place    | Note
-------+----------+-------------------------------------------
     0 | D:1      | esteth the Octopode Fighter began the quest for the Orb.
     0 | D:1      | Reached XP level 1. HP: 16/16 MP: 1/1
     0 | D:1      | magus.rc [v1.11.3]
   347 | D:1      | Reached XP level 2. HP: 14/21 MP: 2/2
   679 | D:1      | Reached XP level 3. HP: 22/26 MP: 3/3
  1248 | D:2      | Reached skill level 3 in Unarmed Combat
  1249 | D:2      | HP: 5/26 [hobgoblin (5)]
  1770 | D:2      | Reached skill level 4 in Dodging
  1770 | D:2      | Reached XP level 4. HP: 31/31 MP: 4/4
  2010 | D:3      | Noticed Sigmund
  2062 | D:3      | Found Zuadiss's Weapon Emporium.
  2097 | D:3      | Identified the +0 helmet "Ron Dubb" {rElec Dex+4 Stlth-}
  2097 | D:3      | Noticed Robin
  2126 | D:3      | Killed Robin
  2672 | D:3      | Found a faded altar of an unknown god.
  3006 | D:4      | Reached XP level 5. HP: 22/36 MP: 5/5
  3198 | D:4      | Noticed an ogre
  3204 | D:4      | Killed an ogre
  3205 | D:4      | Reached skill level 4 in Unarmed Combat
  3218 | D:4      | Found a stormy altar of Qazlal.
  3256 | D:4      | HP: 5/36 [orc wizard/puff of flame (8)]
  3256 | D:4      | Slain by an orc

Vanquished Creatures
  An ogre (D:4)
  Robin (D:3)
  2 adders (D:4)
  2 worms
  A dart slug (D:1)
  An orc (D:4)
  8 endoplasms
  2 giant cockroaches (D:1)
  11 goblins
  14 hobgoblins
  6 jackals
  4 quokkas
  5 ball pythons
  3 bats
  5 frilled lizards
  6 kobolds
  3 rats
75 creatures vanquished.

Table legend:
 A = Non-vault XP
 B = Vault XP
 C = Vault XP percentage of total XP
 D = Non-vault monster count
 E = Vault monster count
 F = Vault count percentage of total count
                 A         B        C        D         E       F
            +---------+---------+-------+---------+---------+-------
      Total |     249 |      48 |  16.2 |      57 |      18 |  24.0
            +---------+---------+-------+---------+---------+-------
        D:1 |      42 |       3 |   6.7 |      24 |       2 |   7.7
        D:2 |      25 |      14 |  35.9 |      14 |       7 |  33.3
        D:3 |      29 |      31 |  51.7 |      14 |       9 |  39.1
        D:4 |     153 |       0 |   0.0 |       5 |       0 |   0.0
            +---------+---------+-------+---------+---------+-------

Illustrated notes

Table legend:
 A = Kills in this place as a percentage of kills in entire the game.
 B = Kills by you in this place as a percentage of kills by you in the entire game.
 C = Kills by friends in this place as a percentage of kills by friends in the entire game.
 D = Other kills in this place as a percentage of other kills in the entire game.
 E = Experience gained in this place as a percentage of experience gained in the entire game.
 F = Experience gained in this place divided by the number of levels of this place that you have seen.
                   A       B       C       D       E      F
               +-------+-------+-------+-------+-------+----------------------
         Total | 100.0 | 100.0 |   N/A |   N/A | 100.0 |  74.2
       Dungeon | 100.0 | 100.0 |   N/A |   N/A | 100.0 |  74.2
               +-------+-------+-------+-------+-------+----------------------

Table legend: (Time is in decaauts)
 A = Elapsed time spent in this place.
 B = Non-inter-level travel time spent in this place.
 C = Inter-level travel time spent in this place.
 D = Time resting spent in this place.
 E = Time spent auto-exploring this place.
 F = Levels seen in this place.
 G = Mean time per level.
                   A        B        C        D        E       F      G
               +--------+--------+--------+--------+--------+-----+--------+
         Total |   3252 |   3193 |     59 |      5 |   2555 |   4 |  813.0 |
       Dungeon |   3252 |   3193 |     59 |      5 |   2555 |   4 |  813.0 |
               +--------+--------+--------+--------+--------+-----+--------+

Top non-repeatable levels by time:
     D:1: 1133 daAuts
     D:2: 931 daAuts
     D:3: 788 daAuts
     D:4: 399 daAuts
